 Dungeon Crawl Stone Soup version 0.25-a0-435-g4b9beb1024 (webtiles) character file.

Game seed: 7051621847700988360, levelgen mode: deterministic

9296 hittemvvvvhard the Grappler (level 11, 0/105 HPs)
             Began as a Troll Hunter on Jan 29, 2020.
             Was a High Priest of Okawaru.
             Slain by a phantasmal warrior (29 damage)
             ... led by a death knight
             ... on level 11 of the Dungeon.
             The game lasted 00:21:37 (8262 turns).

hittemvvvvhard the Grappler (Troll Hunter)          Turns: 8262, Time: 00:21:38

Health: 0/105      AC:  9    Str: 25    XL:     11   Next: 21%
Magic:  14/14      EV: 11    Int:  7    God:    Okawaru [*****.]
Gold:   142        SH:  0    Dex: 10    Spells: 10/10 levels left

rFire    + . .     SeeInvis .     - Unarmed
rCold    + . .     Gourm    +   (no shield)
rNeg     . . .     Faith    .   B - +2 robe {rC+} {rC+}
rPois    .         Spirit   .   (helmet restricted)
rElec    .         Reflect  .   l - +0 cloak
rCorr    .         Harm     .   (gloves unavailable)
MR       .....                  (boots unavailable)
Stlth    +.........             (no amulet)
HPRegen  0.67/turn              K - ring of fire {rF+, rC-}
MPRegen  0.14/turn              (no ring)

@: vulnerable, hasted, very quick
A: large, unfitting armour, claws 3, cold resistance 1, fast metabolism 3,
gourmand, sense surroundings 1, regeneration 1, shaggy fur 1, tough skin 3,
subdued magic 1
a: Heroism, Finesse, Renounce Religion


You were on level 11 of the Dungeon.
You worshipped Okawaru.
Okawaru was extremely pleased with you.
You were completely stuffed.

You visited 2 branches of the dungeon, and saw 12 of its levels.

You collected 614 gold pieces.
You spent 472 gold pieces at shops.

Inventory:

Missiles
 b - 8 javelins
 c - 4 large rocks (quivered) {!d !f}
 n - 308 stones
 o - 71 bolts
 p - 30 poisoned darts
 y - 127 sling bullets
 C - 4 curare-tipped darts
 F - 11 boomerangs
 H - 5 throwing nets {=f}
 J - 8 silver javelins
 Q - 158 arrows
Armour
 l - a +0 cloak (worn)
 B - a +2 robe of cold resistance (worn) {rC+}
 E - a +0 troll leather armour {regen}
Jewellery
 I - an uncursed ring of protection from cold
 K - a ring of fire (left claw) {rF+, rC-}
Wands
 d - a wand of disintegration (10)
 s - a wand of iceblast (20)
 P - a wand of acid (14)
 R - a wand of paralysis (6)
Scrolls
 i - a scroll of identify
 j - 9 scrolls of remove curse
 r - a scroll of fear
 t - 4 scrolls of teleportation
 u - 2 scrolls of enchant armour {unknown}
 v - 3 scrolls of magic mapping {!r}
 x - a scroll of fog {unknown}
 G - a scroll of random uselessness {unknown}
 L - a scroll of vulnerability {unknown}
 M - a scroll of summoning {unknown}
 O - a scroll of brand weapon {unknown}
Potions
 a - 4 potions of resistance
 e - a potion of magic {unknown}
 g - 2 potions of haste
 h - a potion of brilliance
 k - a potion of degeneration {unknown}
 m - 2 potions of berserk rage {!q}
 w - a potion of mutation {!q}
 z - a potion of heal wounds {unknown}
 A - 3 potions of agility
 D - a potion of lignification {unknown}
 N - 2 potions of curing
Miscellaneous
 q - 2 sacks of spiders
Comestibles
 f - 24 rations
 S - 4 chunks of flesh


   Skills:
 - Level 6.0 Fighting
 - Level 3.6 Throwing
 - Level 4.0 Dodging
 - Level 0.3 Stealth
 - Level 13.3 Unarmed Combat
 + Level 6.5 Invocations


You had 10 spell levels left.
You didn't know any spells.
Your spell library contained the following spells:

 Spells                   Type           Power        Failure   Level  Hunger
 Beastly Appendage        Tmut           #.....       38%         1    ##.....
 Magic Dart               Conj           #...         38%         1    ##.....
 Sandblast                Erth           #.....       38%         1    ##.....
 Summon Small Mammal      Summ           #...         38%         1    ##.....
 Blink                    Tloc           N/A          52%         2    ###....
 Call Imp                 Summ           #.......     52%         2    ###....
 Passwall                 Tmut/Erth      #.......     52%         2    ###....
 Searing Ray              Conj           #.....       52%         2    ###....
 Slow                     Hex            #.......     52%         2    ###....
 Sticks to Snakes         Tmut           #.......     52%         2    ###....
 Call Canine Familiar     Summ           #.......     77%         3    ####...
 Conjure Flame            Conj/Fire      #.......     77%         3    ####...
 Dazzling Flash           Conj/Hex       #.....       77%         3    ####...
 Mephitic Cloud           Conj/Pois/Air  #.......     77%         3    ####...
 Spider Form              Tmut/Pois      #.........   77%         3    ####...
 Stone Arrow              Conj/Erth      #.....       77%         3    ####...
 Summon Guardian Golem    Hex/Summ       #.......     77%         3    ####...
 Fulminant Prism          Conj/Hex       #.........   99%         4    #####..
 Ice Form                 Ice/Tmut       #.......     99%         4    #####..
 Iskenderun's Mystic Bla  Conj/Tloc      #.......     99%         4    #####..
 Petrify                  Tmut/Erth      #.......     99%         4    #####..
 Summon Ice Beast         Ice/Summ       #.......     99%         4    #####..
 Summon Lightning Spire   Summ/Air       #.......     99%         4    #####..
 Blade Hands              Tmut           #.........   100%        5    ######.
 Lee's Rapid Deconstruct  Erth           #.........   100%        5    ######.


Dungeon Overview and Level Annotations

Branches:
Dungeon (11/15)            Temple (1/1) D:4            Lair (0/6) D:10
    Orc (0/2) D:10

Altars:
Ashenzari
Cheibriados
Dithmenos
Elyvilon
Fedhas
Gozag
Hepliaklqana
Kikubaaqudgha
Makhleb
Nemelex Xobeh
Okawaru
Qazlal
Ru
Sif Muna
Trog
Uskayaw
Vehumet
Wu Jian
Xom
Yredelemnul
Zin
The Shining One

Shops:
D:6 [   D:8 (   D:9 }


Innate Abilities, Weirdness & Mutations

You are too large for most types of armour.
You have claws for hands.
Your metabolism is lightning-fast.
You like to eat raw meat.
Your natural rate of healing is unusually fast.
You are covered in fur. (AC +1)
You have extremely tough skin. (AC +3)
Your flesh is cold resistant. (rC+)
You passively map a small area around you.
Your spells are a little easier to cast, but a little less powerful.


Message History

You throw a large rock {!d !f}.
The large rock {!d !f} hits the phantasmal warrior.
Throwing (i - inventory. (/) - cycle)
c - 5 large rocks (quivered)
{!d !f}
Aim: a phantasmal warrior (severely damaged) Really fire
c - 5 large rocks {!d !f}?
You throw a large rock {!d !f}.
The large rock {!d !f} hits the phantasmal warrior!
Unknown command.
A death knight comes into view. It is wielding a +4 battleaxe.
The death knight shouts!
The phantasmal warrior closely misses you.
Unknown command.
Okay, then.
Okay, then.
Okay, then.
A phantasmal warrior comes into view.
The phantasmal warrior blinks!
The phantasmal warrior blinks!
The phantasmal warrior hits you!!
You die...

* ##.....##### * *
*,,, #........... ,
* # #.....#* *** *
#.###....####
#..?..(.....#
#.###W#(....# #
##.#####.#
...#.§.####.######
.......Wp..@.<..÷.#
*
#§..#...####W####.#
##.##.... #.# #.# *
#.*#..... #.# #.#
,*#, ##.#.# #.# #.#
..... ..# #.# ##.
.#,#.# #.# ## #.#
#<# , , , ..#* #.#
,

Skill      XL: |  1  2  3  4  5  6  7  8  9 10 11 |
---------------+----------------------------------+-----
Unarmed Combat | 1 2 3 4 5 7 8 10 11 13 | 13.3
Fighting       | 3 4 6 |  6.0
Invocations    | 3 4 6 |  6.5
Dodging        | 4 |  4.0
Throwing       | |  3.6
Stealth        | |  0.3

Notes
Turn   | Place    | Note
-------+----------+-------------------------------------------
     0 | D:1      | hittemvvvvhard the Troll Hunter began the quest for the
                  | Orb.
     0 | D:1      | Reached XP level 1. HP: 19/19 MP: 0/0
    58 | D:1      | Reached skill level 1 in Unarmed Combat
   474 | D:1      | Reached XP level 2. HP: 18/27 MP: 1/1
   560 | D:2      | Reached skill level 2 in Unarmed Combat
   749 | D:2      | Reached XP level 3. HP: 28/33 MP: 2/2
  1008 | D:2      | Reached skill level 3 in Unarmed Combat
  1122 | D:3      | Reached XP level 4. HP: 22/41 MP: 3/3
  1195 | D:3      | Reached skill level 4 in Unarmed Combat
  1477 | D:3      | Reached XP level 5. HP: 48/48 MP: 4/4
  1786 | D:4      | Reached skill level 5 in Unarmed Combat
  1995 | D:4      | Reached XP level 6. HP: 52/55 MP: 5/5
  2029 | D:4      | Reached skill level 6 in Unarmed Combat
  2065 | D:4      | Reached skill level 2 in Fighting
  2244 | D:4      | Reached skill level 3 in Fighting
  2244 | D:4      | Noticed a hippogriff
  2249 | D:4      | Killed a hippogriff
  2249 | D:4      | Reached skill level 7 in Unarmed Combat
  2249 | D:4      | Reached XP level 7. HP: 61/67 MP: 6/6
  2417 | D:4      | Found a staircase to the Ecumenical Temple.
  2426 | Temple   | Entered the Ecumenical Temple
  2508 | Temple   | Became a worshipper of Warmaster Okawaru
  2698 | D:5      | Entered Level 5 of the Dungeon
  2899 | D:5      | Found a shattered altar of Ashenzari.
  2899 | D:5      | Found a glowing golden altar of the Shining One.
  2905 | D:5      | Got an encrusted dagger
  2910 | D:5      | Got a jewelled mace
  2911 | D:5      | Identified the +5 dagger "Gubiju" {chaos, rC- rN+ MR+
                  | Dex+7} (You found it on level 5 of the Dungeon)
  2913 | D:5      | Identified the +9 mace of Wyrd {flame, *Corrode Str+2 SInv}
                  | (You found it on level 5 of the Dungeon)
  2982 | D:5      | Reached skill level 8 in Unarmed Combat
  3145 | D:5      | Noticed Duvessa
  3145 | D:5      | Noticed Dowan
  3147 | D:5      | Killed Duvessa
  3147 | D:5      | Reached XP level 8. HP: 63/75 MP: 7/7
  3157 | D:5      | Killed Dowan
  3304 | D:5      | Reached * piety under Okawaru
  3304 | D:5      | Reached skill level 9 in Unarmed Combat
  3339 | D:5      | Reached skill level 1 in Invocations
  3609 | D:6      | Reached skill level 2 in Invocations
  3771 | D:6      | Reached skill level 3 in Invocations
  4089 | D:6      | Found Tiatsoala's Armour Shop.
  4106 | D:6      | Reached skill level 10 in Unarmed Combat
  4205 | D:6      | Bought a +2 robe of cold resistance for 212 gold pieces
  4380 | D:7      | Reached skill level 4 in Fighting
  4382 | D:7      | Reached ** piety under Okawaru
  4382 | D:7      | Reached XP level 9. HP: 77/85 MP: 10/10
  4449 | D:7      | Noticed a troll
  4458 | D:7      | Killed a troll
  4458 | D:7      | Reached skill level 5 in Fighting
  4724 | D:7      | Reached skill level 6 in Fighting
  4777 | D:7      | Reached skill level 2 in Dodging
  4850 | D:7      | Reached skill level 3 in Dodging
  5170 | D:8      | Reached *** piety under Okawaru
  5170 | D:8      | Reached skill level 4 in Dodging
  5371 | D:8      | Found Uczoqew's Weapon Boutique.
  5487 | D:8      | Reached skill level 11 in Unarmed Combat
  5492 | D:8      | Paralysed by a hornet for 1 turns
  5495 | D:8      | Reached XP level 10. HP: 35/98 MP: 9/11
  5496 | D:8      | HP: 22/98 [soldier ant (7)]
  5498 | D:8      | HP: 8/98 [soldier ant (4)]
  5503 | D:8      | HP: 7/147 [poisoned by a soldier ant]
  5506 | D:8      | HP: 3/98 [poisoned by a soldier ant]
  5508 | D:8      | Gained mutation: You passively map a small area around you.
                  | [potion of mutation]
  5508 | D:8      | Gained mutation: Your spells are a little easier to cast,
                  | but a little less powerful. [potion of mutation]
  5508 | D:8      | Gained mutation: Your flesh is cold resistant. (rC+)
                  | [potion of mutation]
  5853 | D:8      | Found a sparkling altar of Nemelex Xobeh.
  5879 | D:8      | Found a hazy altar of Hepliaklqana.
  5979 | D:8      | Got a fine dagger
  6128 | D:8      | Found a shadowy altar of Dithmenos.
  6296 | D:9      | Reached **** piety under Okawaru
  6527 | D:9      | Reached skill level 12 in Unarmed Combat
  6620 | D:9      | Found a burning altar of Makhleb.
  6620 | D:9      | Found a hide-covered altar of Uskayaw.
  6625 | D:9      | Found a faded altar of an unknown god.
  6633 | D:9      | Found a faded altar of an unknown god.
  6637 | D:9      | Found a glowing silver altar of Zin.
  6885 | D:9      | Found Migelledia's Gadget Shop.
  6888 | D:9      | Bought a sack of spiders for 260 gold pieces
  6918 | D:9      | Received a gift from Okawaru
  7160 | D:10     | Entered Level 10 of the Dungeon
  7177 | D:10     | Noticed Joseph
  7180 | D:10     | Killed Joseph
  7190 | D:10     | Noticed a two-headed ogre
  7200 | D:10     | Killed a two-headed ogre
  7200 | D:10     | Reached ***** piety under Okawaru
  7200 | D:10     | Reached skill level 13 in Unarmed Combat
  7313 | D:10     | Noticed a two-headed ogre
  7337 | D:10     | Killed a two-headed ogre
  7337 | D:10     | Received a gift from Okawaru
  7337 | D:10     | Reached skill level 4 in Invocations
  7400 | D:10     | Reached XP level 11. HP: 105/105 MP: 13/13
  7489 | D:10     | Reached skill level 5 in Invocations
  7499 | D:10     | Found a staircase to the Lair.
  7546 | D:10     | Found a staircase to the Orcish Mines.
  8118 | D:11     | Killed an unseen horror
  8118 | D:11     | Reached skill level 6 in Invocations
  8245 | D:11     | Noticed a phantasmal warrior
  8252 | D:11     | HP: 23/105 [phantasmal warrior[a death knight] (8)]
  8256 | D:11     | Noticed a death knight
  8257 | D:11     | Noticed a phantasmal warrior
  8262 | D:11     | Slain by a phantasmal warrior

Table legend:
 A = Turns spent in this place as a percentage of turns spent in the entire game.
 B = Non-inter-level travel turns spent in this place as a percentage of non-inter-level travel turns spent in the entire game.
 C = Inter-level travel turns spent in this place as a percentage of turns spent in this place.
 D = Turns resting spent in this place as a percentage of non-inter-level travel turns spent in this place.
 E = Turns spent auto-exploring this place as a percentage of non-inter-level travel turns spent in this place.
 F = Non-inter-level travel turns spent in this place divided by the number of levels of this place that you've seen.
                   A       B       C       D       E      F
               +-------+-------+-------+-------+-------+----------------------
         Total | 100.0 | 100.0 |   4.6 |   2.1 |  77.7 | 656.7
       Dungeon |  97.2 |  97.4 |   4.5 |   2.1 |  77.2 | 697.5
        Temple |   2.8 |   2.6 |  10.0 |   0.0 |  96.6 | 207.0
               +-------+-------+-------+-------+-------+----------------------

Table legend:
 A = Kills in this place as a percentage of kills in entire the game.
 B = Kills by you in this place as a percentage of kills by you in the entire game.
 C = Kills by friends in this place as a percentage of kills by friends in the entire game.
 D = Other kills in this place as a percentage of other kills in the entire game.
 E = Experience gained in this place as a percentage of experience gained in the entire game.
 F = Experience gained in this place divided by the number of levels of this place that you have seen.
                   A       B       C       D       E      F
               +-------+-------+-------+-------+-------+----------------------
         Total | 100.0 | 100.0 |   N/A |   N/A | 100.0 | 1106.8
       Dungeon | 100.0 | 100.0 |   N/A |   N/A | 100.0 | 1207.4
               +-------+-------+-------+-------+-------+----------------------

Action                   |  1- 3 |  4- 6 |  7- 9 | 10-12 || total
-------------------------+-------+-------+-------+-------++-------
Melee: Unarmed           |    95 |   142 |   252 |   181 ||   670
       Punch             |     2 |     2 |    14 |    12 ||    30
Throw: Large rock        |    11 |     5 |    13 |    11 ||    40
       Stone             |     1 |       |       |       ||     1
       Dart              |       |       |    44 |    69 ||   113
       Boomerang         |       |       |       |    30 ||    30
       Throwing net      |       |       |       |     1 ||     1
Invok: Heroism           |       |       |     4 |       ||     4
  Use: Scroll            |       |       |     6 |     3 ||     9
       Potion            |       |       |       |     9 ||     9
  Eat: Chunk             |    16 |    10 |    37 |    26 ||    89
Armor: Robe              |    55 |    66 |    68 |    60 ||   249
Dodge: Dodged            |    61 |    61 |   102 |    82 ||   306

Vanquished Creatures
  2 two-headed ogres (D:10)
  An unseen horror (D:11)
  Joseph (D:10)
  A komodo dragon (D:10)
  A troll (D:7)
  2 hornets (D:8)
  4 hippogriffs
  2 wyverns
  3 vampires
  A hungry ghost (D:7)
  A water moccasin (D:7)
  A soldier ant (D:8)
  Duvessa (D:5)
  2 ice beasts
  An orc warrior (D:9)
  A necrophage (D:11)
  An eye of draining (D:7)
  2 sky beasts
  2 phantoms
  9 ogres
  2 centaurs
  A big kobold (D:9)
  2 bullfrogs
  A gnoll sergeant (D:9)
  Dowan (D:5)
  6 scorpions
  8 wights
  A killer bee (D:7)
  6 howler monkeys
  5 crimson imps
  3 hounds
  4 jellies
  3 orc priests
  3 bullfrog skeletons
  A centaur skeleton (D:4)
  9 orc wizards
  3 iguanas
  8 worker ants
  4 hound zombies
  2 hound skeletons
  10 gnolls
  A worker ant zombie (D:5)
  10 adders
  An adder zombie (D:8)
  3 worms
  5 leopard geckos
  28 orcs
  3 giant cockroaches
  6 goblins
  4 hobgoblins
  19 jackals
  6 quokkas
  2 ball pythons
  A ball python skeleton (D:5)
  6 bats
  4 frilled lizards
  A jackal skeleton (D:4)
  14 kobolds
  A quokka zombie (D:7)
  10 rats
247 creatures vanquished.

Vanquished Creatures (others)
  5 plants (D:10)
5 creatures vanquished.

Grand Total: 252 creatures vanquished You could see a death knight, a phantasmal warrior and a freezing wraith.

Levels and vault maps discovered:
D:1:      beargit_arrival_greenhouse, layout_rooms, due_unseen_surprise
D:2:      layout_loops_ring
D:3:      layout_basic, chequers_serial_rivers_small_3, serial_bayou_pond_b
D:4:      layout_basic, minmay_temple_entry_overgrown, first_ration,
          supply_closet_lemuel
D:5:      layout_loops_ring, gammafunk_temple_overflow_pools, uniq_duvessa
D:6:      layout_basic, serial_shops, shop
D:7:      minmay_blocky_corners, layout_loops_ring
D:8:      layout_rooms, kennysheep_little_box, overflow_temple_1_default,
          nemelex_xobeh_ov_fountains_minmay, serial_shops,
          nicolae_shop_statue_plus, hangedman_pestilent_swarm,
          grunt_decor_fettered
D:9:      layout_long_grid, chequers_temple_overflow_minitemple, serial_shops,
          kennysheep_mini
D:10:     layout_big_octagon, david_lair_shrubbed, orc_0_dummy,
          serial_park_tiny_pond, uniq_joseph
D:11:     minmay_gate_of_8, layout_loops_ring, uniq_erolcha, uniq_sonja
Temple:   dpeg_chambers_temple
